 Dungeon Crawl Stone Soup version 0.18.1-47-g9310371 (webtiles) character file.

14807 Gargoyl the Protected (level 11, -8/120 HPs)
             Began as a Demonspawn Abyssal Knight on June 14, 2016.
             Was a High Priest of Lugonu.
             Mangled by an orc warlord
             ... wielding a +0 battleaxe
              (16 damage)
             ... on level 2 of the Orcish Mines.
             The game lasted 00:23:37 (9476 turns).

Gargoyl the Protected (Demonspawn Abyssal Knight)   Turns: 9476, Time: 00:23:38

Health: -8/120     AC: 26    Str: 23    XL:     11   Next: 93%
Magic:  10/13      EV: 11    Int: 16    God:    Lugonu [*****.]
Gold:   1323       SH:  0    Dex: 12    Spells: 0 memorised, 10 levels left

rFire  + . .     SeeInvis .     A - +6 battleaxe (protect)
rCold  + . .     Gourm    .     y - +2 chain mail {rC+}
rNeg   + . .     Faith    .     (shield currently unavailable)
rPois  +         Spirit   .     (helmet restricted)
rElec  .         Dismiss  .     u - +1 cloak
rCorr  .         Reflect  .     (no gloves)
SustAt .         Harm     .     s - +0 pair of boots
MR     .....                    (no amulet)
Stlth  ..........               w - ring of positive energy
                                E - +2 ring of strength

@: berserking (expiring), very quick, not resistant to hostile enchantments,
extremely unstealthy
A: antennae 1, hooves 2, thin metallic scales 2, blurry vision 1, clever 1, fire
resistance 1, frail 1, sense surroundings 1, poison resistance, powered by death
2, spiny 2
a: Depart the Abyss, Bend Space, Banish, Corrupt, Enter the Abyss, Renounce
Religion


You were on level 2 of the Orcish Mines.
You worshipped Lugonu.
Lugonu was extremely pleased with you.
You were not hungry.

You visited 2 branches of the dungeon, and saw 11 of its levels.
You visited the Abyss 2 times.

You collected 1323 gold pieces.

Inventory:

Hand Weapons
 a - a +2 hand axe
 A - a +6 battleaxe of protection (weapon)
 D - a +1 dire flail of crushing
Missiles
 n - 4 tomahawks of returning
 K - 12 tomahawks (quivered)
Armour
 i - a +0 helmet
 s - a +0 pair of boots (worn)
 u - a +1 cloak (worn)
 y - a +2 chain mail of cold resistance (worn)
Jewellery
 w - a ring of positive energy (right hand)
 E - a +2 ring of strength (left hand)
 I - an uncursed amulet of guardian spirit {unknown}
Wands
 h - a wand of random effects (18/48)
 z - a wand of flame (25/48)
 B - a wand of slowing (24/48)
 G - a wand of lightning (5/15)
 J - a wand of flame (29/48)
 L - a wand of paralysis (16/24)
 M - a wand of polymorph (14/24)
Scrolls
 d - 7 scrolls of identify
 e - 3 scrolls of remove curse
 l - a scroll of blinking
 p - 2 scrolls of magic mapping
 v - 2 scrolls of amnesia
 C - a scroll of teleportation
 F - a scroll of fog
Potions
 b - a potion of lignification {unknown}
 k - a potion of heal wounds {unknown}
 m - 3 potions of haste
 r - 3 potions of curing
Comestibles
 c - 8 bread rations
 f - 10 fruits
 o - 5 meat rations
 t - 2 slices of pizza
 x - a beef jerky


   Skills:
 + Level 9.4 Fighting
 + Level 9.2 Axes
 * Level 11.4 Armour
 + Level 6.2 Dodging
 + Level 2.2 Stealth
 + Level 2.9 Invocations


You had 10 spell levels left.
You didn't know any spells.

Dungeon Overview and Level Annotations

Branches:
Dungeon (9/15)             Temple (0/1) D:5             Orc (2/2) D:9
    Elf (0/3) Orc:2
   Lair: D:8-11

Altars:
Ashenzari
Cheibriados
Elyvilon
Fedhas
Gozag
Kikubaaqudgha
Makhleb
Okawaru
Qazlal
Trog
Xom
Zin
The Shining One

Annotations:
D:8 exclusion: oklob plant


Innate Abilities, Weirdness & Mutations

You are mostly covered in thin metallic scales (AC +3).
You regenerate health from kills.
You are mostly covered in sharp spines.
You have a pair of small antennae on your head.
You have hoof-like feet.
Scrolls take you a little longer to read.
Your mind is acute. (Int +2)
Your flesh is heat resistant.
You are frail (-10% HP).
You passively map a small area around you.
Your system is resistant to poisons.


Message History

Drink which item? (? for menu, Esc to quit)
A red film seems to cover your vision as you go berserk!
You feel yourself moving faster!
You feel mighty!
The orc warlord hits you with an uncursed battleaxe!!
* * * LOW HITPOINT WARNING * * *
Your chain mail prevents you from hitting the orc warlord.
The orc warlord is severely wounded.
You slash the orc warlord!
The orc warlord is severely wounded.
The orc warlord hits you with an uncursed battleaxe!
* * * LOW HITPOINT WARNING * * *
Your chain mail prevents you from hitting the orc warlord.
The orc warlord is severely wounded.
You hit the orc warlord but do no damage.
The orc warlord is severely wounded.
The orc warlord closely misses you.
Your chain mail prevents you from hitting the orc warlord.
The orc warlord is severely wounded.
The orc warlord hits you with an uncursed battleaxe!
You die...

* .................
* ................
, * ,, *#.........#
* , #.........# *
** #.....)...#
#...(.(...#
#.[[......#
###########.[..o###
......((..)[....@.#
).....##.)).....###
#.....###.....###
))...)[[#.....##
#)#.(([(.#.#...#
..).....#.###.##
#.#.)))....####
#.#..#.....#
.....##.#.##


You could see an orc warlord.

Vanquished Creatures
  2 orc high priests
  3 orc knights
  The ghost of Apert the Shield-Bearer, a novice HuFi of Okawaru (D:5)
  5 orc sorcerers (Orc:2)
  A cyclops (Orc:2)
  Joseph (D:7)
  6 trolls
  Sigmund (D:5)
  6 yaks (D:9)
  Eustachio (D:4)
  2 steam dragons (D:7)
  A water moccasin (D:7)
  25 orc warriors
  A wasp (D:7)
  3 ice beasts
  A sky beast (D:6)
  2 black bears (D:7)
  A phantom (D:7)
  7 ogres
  2 centaurs
  6 giant frogs
  Blork the orc (D:6)
  3 scorpions
  2 crimson imps
  2 howler monkeys
  A wasp zombie (D:8)
  3 hounds
  16 orc priests
  3 jellies
  Jessica (D:3)
  23 orc wizards
  5 iguanas
  8 worker ants
  A killer bee zombie (D:6)
  2 hound skeletons
  A howler monkey zombie (D:6)
  4 gnolls (D:6)
  4 adders
  2 shadow imps
  An ooze (D:2)
  An adder zombie (D:6)
  4 worms
  2 dart slugs
  7 giant geckos
  41 orcs
  5 bats
  3 giant cockroaches
  3 goblins
  10 hobgoblins
  6 jackals
  7 quokkas
  A ball python (D:3)
  10 giant newts
  11 kobolds
  11 rats
  A fungus (D:7)
284 creatures vanquished.

Notes
Turn   | Place    | Note
--------------------------------------------------------------
     0 | Abyss:1  | Gargoyl the Demonspawn Abyssal Knight began the quest for the Orb.
     0 | Abyss:1  | Reached XP level 1. HP: 18/18 MP: 2/2
    98 | Abyss:3  | Noticed an iron dragon skeleton
   105 | Abyss:3  | Noticed an apocalypse crab
   107 | Abyss:3  | Noticed a wight
   111 | Abyss:3  | Noticed a wight
   112 | D:1      | Escaped the Abyss
   449 | D:1      | Reached skill level 1 in Dodging
   500 | D:1      | Gained mutation: You are partially covered in sharp spines. [demonic ancestry]
   500 | D:1      | Reached XP level 2. HP: 23/24 MP: 3/3
   698 | D:1      | Reached * piety under Lugonu
   929 | D:1      | Reached skill level 2 in Armour
  1106 | D:2      | Reached XP level 3. HP: 27/29 MP: 4/4
  1151 | D:2      | Found a burning altar of Makhleb.
  1436 | D:2      | Found a glowing silver altar of Zin.
  1550 | D:2      | Reached XP level 4. HP: 37/37 MP: 5/5
  1779 | D:3      | Noticed Jessica
  1797 | D:3      | Killed Jessica
  1901 | D:3      | Found a faded altar to an unknown god.
  1918 | D:3      | Reached ** piety under Lugonu
  2126 | D:3      | Gained mutation: You regenerate a little health from kills. [demonic ancestry]
  2126 | D:3      | Reached XP level 5. HP: 43/43 MP: 6/6
  2510 | D:4      | Noticed an ogre
  2520 | D:4      | Killed an ogre
  2535 | D:4      | Reached skill level 3 in Armour
  2582 | D:4      | Gained mutation: You are mostly covered in sharp spines. [demonic ancestry]
  2582 | D:4      | Reached XP level 6. HP: 41/50 MP: 8/8
  2689 | D:4      | Noticed Eustachio
  2706 | D:4      | Killed Eustachio
  2706 | D:4      | Reached skill level 5 in Fighting
  2890 | D:4      | Found a white marble altar of Elyvilon.
  3077 | D:4      | Reached skill level 4 in Armour
  3077 | D:4      | Gained mutation: You regenerate health from kills. [demonic ancestry]
  3077 | D:4      | Reached XP level 7. HP: 27/56 MP: 9/9
  3154 | D:4      | Reached skill level 1 in Stealth
  3258 | D:5      | Entered Level 5 of the Dungeon
  3327 | D:5      | Noticed Apert's ghost (novice HuFi)
  3347 | D:5      | Killed Apert's ghost
  3347 | D:5      | Reached skill level 5 in Armour
  3347 | D:5      | Reached XP level 8. HP: 48/62 MP: 10/10
  3678 | D:5      | Noticed a moth of wrath
  3681 | D:5      | Found a bloodstained altar of Trog.
  3856 | D:5      | Reached skill level 6 in Armour
  3862 | D:5      | Noticed Sigmund
  3896 | D:5      | Found a staircase to the Ecumenical Temple.
  3911 | D:5      | Cast into level 1 of the Abyss (Sigmund)
  3918 | Abyss:1  | Noticed an eye of devastation
  3919 | D:5      | Escaped the Abyss
  3923 | D:5      | Killed Sigmund
  4151 | D:6      | Noticed Blork the orc
  4162 | D:6      | Killed Blork the orc
  4262 | D:6      | Found a burning altar of Makhleb.
  4266 | D:6      | Found a stormy altar of Qazlal.
  4533 | D:6      | Reached skill level 7 in Armour
  4546 | D:6      | Gained mutation: You passively map a small area around you. [mutagenic meat]
  4548 | D:6      | Gained mutation: You have large cloven feet. [mutagenic meat]
  4549 | D:6      | Gained mutation: You have a pair of small antennae on your head. [mutagenic meat]
  4550 | D:6      | Gained mutation: Your flesh is heat resistant. [mutagenic meat]
  4554 | D:6      | Gained mutation: You evolve. [mutagenic meat]
  4575 | D:6      | Found a bloodstained altar of Trog.
  4575 | D:6      | Found a shattered altar of Ashenzari.
  4790 | D:7      | Reached *** piety under Lugonu
  4812 | D:7      | Gained mutation: You are partially covered in thin metallic scales (AC +2). [demonic ancestry]
  4812 | D:7      | Reached XP level 9. HP: 68/69 MP: 11/11
  5133 | D:7      | Reached skill level 5 in Axes
  5133 | D:7      | Reached skill level 8 in Armour
  5273 | D:7      | Gained mutation: Your system is resistant to poisons. [potion of mutation]
  5273 | D:7      | Gained mutation: Scrolls take you a little longer to read. [potion of mutation]
  5274 | D:7      | Lost mutation: You evolve. [potion of mutation]
  5274 | D:7      | Gained mutation: Your mind is acute. (Int +2) [potion of mutation]
  5274 | D:7      | Gained mutation: You are frail (-10% HP). [potion of mutation]
  5277 | D:7      | Gained mutation: You have hoof-like feet. [potion of beneficial mutation]
  5328 | D:7      | Noticed Joseph
  5345 | D:7      | Killed Joseph
  5763 | D:8      | Found a blossoming altar of Fedhas.
  5778 | D:8      | Noticed an oklob plant
  5877 | D:8      | Found a snail-covered altar of Cheibriados.
  6160 | D:9      | Reached **** piety under Lugonu
  6160 | D:9      | Reached skill level 9 in Armour
  6170 | D:9      | Found an iron altar of Okawaru.
  6219 | D:9      | Found an opulent altar of Gozag.
  6222 | D:9      | Found a glowing golden altar of the Shining One.
  6225 | D:9      | Found an ancient bone altar of Kikubaaqudgha.
  6239 | D:9      | Found a shimmering altar of Xom.
  6254 | D:9      | Found a staircase to the Orcish Mines.
  6270 | D:9      | Reached XP level 10. HP: 69/69 MP: 12/12
  6489 | D:9      | Reached skill level 5 in Dodging
  6914 | Orc:1    | Entered Level 1 of the Orcish Mines
  7019 | Orc:1    | Reached skill level 10 in Armour
  7283 | Orc:1    | Reached ***** piety under Lugonu
  7359 | Orc:2    | Entered Level 2 of the Orcish Mines
  7419 | Orc:2    | Noticed a cyclops
  7721 | Orc:2    | Killed a cyclops
  7778 | Orc:2    | Noticed an orc sorcerer
  7786 | Orc:2    | Killed an orc sorcerer
  7789 | Orc:2    | Noticed an orc sorcerer
  7793 | Orc:2    | Gained mutation: You are mostly covered in thin metallic scales (AC +3). [demonic ancestry]
  7793 | Orc:2    | Reached XP level 11. HP: 60/77 MP: 13/13
  7794 | Orc:2    | Killed an orc sorcerer
  7877 | Orc:2    | Found a staircase to the Elven Halls.
  7904 | Orc:2    | Noticed an orc high priest
  7904 | Orc:2    | Noticed an orc sorcerer
  8049 | Orc:2    | Noticed an orc high priest
  8055 | Orc:2    | Noticed an orc warlord
  8056 | Orc:2    | Noticed an orc sorcerer
  8056 | Orc:2    | Noticed an orc knight
  8060 | Orc:2    | Noticed an orc knight
  8060 | Orc:2    | Noticed an orc sorcerer
  8256 | Orc:2    | Noticed an orc knight
  8276 | Orc:1    | Killed an orc knight
  8359 | Orc:2    | Killed an orc sorcerer
  8374 | Orc:2    | Killed an orc sorcerer
  8440 | Orc:2    | Killed an orc sorcerer
  8449 | Orc:2    | Killed an orc high priest
  8449 | Orc:2    | Reached skill level 11 in Armour
  8464 | Orc:2    | Noticed a soul eater
  8507 | Orc:2    | Noticed a soul eater
  8523 | Orc:1    | Killed an orc knight
  8669 | Orc:2    | Noticed a soul eater
  8677 | Orc:1    | Killed an orc high priest
  8809 | Orc:2    | Killed an orc knight
  9119 | Orc:2    | Reached ****** piety under Lugonu
  9476 | Orc:2    | Mangled by an orc warlord

Skill      XL: |  1  2  3  4  5  6  7  8  9 10 11 |
---------------+----------------------------------+-----
Dodging        | 1 2 3 4 5 6 |  6.2
Axes           | 2 3 4 6 7 9 |  9.2
Armour         | 2 3 4 5 7 9 10 11 | 11.4
Fighting       | 4 5 6 8 9 |  9.4
Stealth        | 1 2 |  2.2
Invocations    | |  2.9

Action                   |  1- 3 |  4- 6 |  7- 9 | 10-12 || total
-------------------------+-------+-------+-------+-------++-------
Melee: Hand axe          |    48 |    80 |    62 |       ||   190
       Battleaxe         |       |       |   100 |   270 ||   370
Invok: Depart the Abyss  |     1 |       |     1 |       ||     2
       Bend Space        |       |       |       |     1 ||     1
       Banish            |       |       |       |     1 ||     1
  Use: Scroll            |       |     8 |     9 |     4 ||    21
       Potion            |       |       |    10 |     3 ||    13
  Eat: Chunk             |     2 |     5 |    15 |     9 ||    31
       Royal jelly       |       |       |     1 |     1 ||     2
Armor: Leather armour    |     9 |     5 |       |       ||    14
       Chain mail        |       |    43 |   134 |   246 ||   423
Dodge: Dodged            |    29 |    35 |    96 |   165 ||   325
